 Dungeon Crawl Stone Soup version 0.26.1-11-gd32895ea62 (webtiles) character file.

Game seed: 3780360972144535909

54 ymhsbmbesitwf the Gusty (level 3, -1/17 HPs)
             Began as a Vine Stalker Air Elementalist on June 11, 2021.
             Slain by Robin
             ... wielding a +2 trident of venom
              (5 damage)
             ... on level 2 of the Dungeon.
             The game lasted 00:43:43 (1914 turns).

ymhsbmbesitwf the Gusty (VSAE)                      Turns: 1914, Time: 00:43:43

Health: -1/17      AC:  5    Str: 10    XL:     3   Next: 91%
Magic:  0/7        EV: 10    Int: 14    God:
Gold:   126        SH:  0    Dex: 14    Spells: 6/7 levels left

rFire    + . .     SeeInvis .   t - +2 dagger (speed)
rCold    . . .     Faith    .   (no shield)
rNeg     . . .     Spirit   +   g - +0 ring mail
rPois    .         Reflect  .   (no helmet)
rElec    .         Harm     .   (no cloak)
rCorr    .         Rampage  .   (no gloves)
Will     .....                  (no boots)
Stlth    ++........             (no amulet)
HPRegen  0.05/turn              (no ring)
MPRegen  0.10/turn              (no ring)

@: lethally poisoned (-1 -> -5), very slightly contaminated
A: fangs 2, talons 1, dopey 1, fire resistance 1, magic shield, antimagic bite,
no potion heal 3, MP-powered wands
a: no special abilities


You were on level 2 of the Dungeon.
You visited 1 branch of the dungeon, and saw 2 of its levels.

You collected 126 gold pieces.

Inventory:

Hand Weapons
 i - a -2 hunting sling
 k - a +0 dagger
 n - a +0 club
 o - a +0 short sword
 p - a +0 dagger
 t - a +2 dagger of speed (weapon)
 u - a +0 dagger
 y - a +0 hand axe
 A - a +0 club
Missiles
 l - 37 stones
 s - 14 arrows
Armour
 a - a +0 robe
 c - a +0 leather armour
 f - a +0 robe
 g - a +0 ring mail (worn)
 h - a +0 ring mail
 j - a +0 leather armour
 q - a +0 leather armour
 w - a +0 buckler
Jewellery
 x - a cursed ring of attention
Wands
 z - a wand of iceblast (9)
Scrolls
 m - 3 scrolls of teleportation
 v - a scroll of amnesia
 B - a scroll of enchant armour {unknown}
Potions
 b - 2 potions of invisibility {unknown}
 d - 4 potions of curing {unknown}
 e - a potion of flight {unknown}
 r - a potion of heal wounds {unknown}


   Skills:
 + Level 0.3 Fighting
 + Level 0.2 Short Blades
 - Level 1.0 Slings
 + Level 0.0 Armour
 * Level 1.8 Dodging
 * Level 2.9 Stealth
 + Level 0.1 Shields
 + Level 2.5 Spellcasting
 * Level 1.4 Conjurations
 * Level 3.3 Air Magic


You had 6 spell levels left.
You knew the following spells:

 Your Spells              Type           Power        Failure   Level
z - Shock                 Conj/Air       32%          22%         1

Your spell library contained the following spells:

 Spells                   Type           Power        Failure   Level
 Swiftness                Air            11%          22%         2
 Static Discharge         Conj/Air       8%           54%         3
 Airstrike                Air            5%           83%         4
 Lightning Bolt           Conj/Air       4%           99%         5


Dungeon Overview and Level Annotations

Branches:
Dungeon (2/15)

Altars:

Annotations:
D:2 Robin


Innate Abilities, Weirdness & Mutations

You have extremely sharp teeth.
When hurt, damage is shared between your health and your magic reserves.
Your bite disrupts and absorbs the magic of your enemies.
Potions cannot restore your health.
You have sharp toenails.
You are dopey. (Int -2)
Your flesh is heat resistant. (rF+)
You expend magic power (3 MP) to strengthen your wands.


Message History

Casting: Shock (safe; 19% risk of failure)
Confirm with . or Enter, or press ? or * to list all spells.
Aiming: Shock (safe; 19% risk of failure)
Press: ? - help, Shift-Dir - straight line
Okay, then.
You hit the jackal but do no damage.
The jackal is almost dead.
Robin hits you but does no damage.
You are poisoned.
The goblin hits you.
It was a potion of mutation.
You feel extremely strange.
You feel resistant to heat.
You feel stupid.
Your toenails lengthen and sharpen.
You feel your magical essence link to the dungeon's wands.
* * * LOW HITPOINT WARNING * * *
You feel sick. The jackal bites you.
* * * LOW HITPOINT WARNING * * *
The jackal barely misses you.
Robin hits you from afar with a +2 trident of venom!
You die...

#.. #####..####....# .# #$#
#......###.# .## #.# ####.###.#
#.# .. ... #.##.# #.# #.#
.######.# #.##.# #.###.#
........############.##.###.....#
...........).)g.....>##...#######
.......<.....##hg..#.####.#
###........h.##h@..#.# #.# #
#........†.##....#.# #.# #
#..........##....#.####.#
#.........g##...........#
#.....h)...##...........#
#..........##......)....#
#........#####..####....# ##
#.... #....# .# ♣.. #....#


You could see Robin, 2 jackals and a goblin.

Vanquished Creatures
  An adder (D:2)
  6 bats (D:1)
  A giant cockroach (D:1)
  13 goblins
  6 hobgoblins
  2 frilled lizards (D:1)
  6 kobolds (D:1)
  7 rats
42 creatures vanquished.

Notes
Turn   | Place    | Note
-------+----------+-------------------------------------------
     0 | D:1      | ymhsbmbesitwf the Vine Stalker Air Elementalist began the
                  | quest for the Orb.
     0 | D:1      | Reached XP level 1. HP: 9/9 MP: 4/4
   269 | D:1      | Reached XP level 2. HP: 13/13 MP: 4/6
   636 | D:1      | Reached skill level 1 in Slings
  1068 | D:2      | Reached XP level 3. HP: 16/16 MP: 4/7
  1745 | D:2      | Noticed Robin
  1914 | D:2      | Gained mutation: Your flesh is heat resistant. (rF+)
                  | [potion of mutation]
  1914 | D:2      | Gained mutation: You are dopey. (Int -2) [potion of
                  | mutation]
  1914 | D:2      | Gained mutation: You have sharp toenails. [potion of
                  | mutation]
  1914 | D:2      | Gained mutation: You expend magic power (3 MP) to
                  | strengthen your wands. [potion of mutation]
  1914 | D:2      | Slain by Robin

Illustrated notes

Levels and vault maps discovered:
D:1:      mushboom_english_gardens, layout_loops_ring, minmay_misc_feat_pillars,
          minmay_surrounded
D:2:      layout_basic, uniq_crazy_yiuf_cottage, uniq_robin

Skill      XL: |  1  2 |
---------------+-------+-----
Slings         | 1 |  1.0
Fighting       | |  0.3
Short Blades   | |  0.2
Dodging        | |  1.8
Stealth        | |  2.9
Shields        | |  0.1
Spellcasting   | |  2.5
Conjurations   | |  1.4
Air Magic      | |  3.3

Action                   || total
-------------------------++-------
Melee: Dagger            ||    46
       Bite              ||     8
 Fire: Hunting sling     ||    62
 Cast: Shock             ||    62
  Use: Scroll            ||     4
       Potion            ||     1
Armor: Leather armour    ||    13
       Ring mail         ||    10
Dodge: Dodged            ||    54
